 Dungeon Crawl Stone Soup version 0.26.0-90-g5fd8617961 (console) character file.

Game seed: 12061085873684455197

193 om the Skirmisher (level 5, -1/47 HPs)
             Began as a Gnoll Wanderer on Feb 2, 2021.
             Slain by an iguana (10 damage)
             ... on level 3 of the Dungeon.
             The game lasted 00:06:44 (4384 turns).

om the Skirmisher (Gnoll Wanderer)                  Turns: 4384, Time: 00:06:45

Health: -1/47      AC:  5    Str: 18    XL:     5   Next: 72%
Magic:  0/9        EV: 12    Int: 10    God:
Gold:   119        SH:  0    Dex: 16    Spells: 7/10 levels left

rFire    . . .     SeeInvis .   l - +0 dagger
rCold    . . .     Faith    .   (no shield)
rNeg     . . .     Spirit   .   n - +0 leather armour
rPois    .         Reflect  .   p - +2 hat
rElec    .         Harm     .   (no cloak)
rCorr    .         Rampage  .   (no gloves)
Will     .....                  (no boots)
Stlth    ++........             (no amulet)
HPRegen  0.15/turn              (no ring)
MPRegen  0.11/turn              (no ring)

@: no status effects
A: distributed training, fangs 1, strong nose
a: no special abilities


You were on level 3 of the Dungeon.
You visited 1 branch of the dungeon, and saw 4 of its levels.

You collected 119 gold pieces.

Inventory:

Hand Weapons
 a - a +0 club
 l - a +0 dagger (weapon)
Armour
 c - a +0 robe
 n - a +0 leather armour (worn)
 p - a +2 hat (worn)
Scrolls
 b - 4 scrolls of teleportation
 g - 3 scrolls of magic mapping
 h - a scroll of blinking {unknown}
 m - 2 scrolls of amnesia {unknown}
 q - a scroll of random uselessness {unknown}
Potions
 d - a potion of lignification
 e - a potion of berserk rage {unknown}
 f - a potion of invisibility
 i - 4 potions of curing
 j - 2 potions of heal wounds
 k - 2 potions of might
 o - a potion of attraction {unknown}


   Skills:
 + Level 6.7 Fighting
 + Level 1.6 Short Blades
 + Level 1.6 Long Blades
 + Level 1.6 Axes
 + Level 1.6 Maces & Flails
 + Level 1.6 Polearms
 + Level 1.6 Staves
 + Level 1.6 Slings
 + Level 1.6 Bows
 + Level 1.6 Crossbows
 + Level 1.6 Throwing
 + Level 1.6 Armour
 + Level 1.6 Dodging
 + Level 2.8 Stealth
 + Level 3.0 Shields
 + Level 4.8 Unarmed Combat
 + Level 3.2 Spellcasting
 + Level 2.4 Conjurations
 + Level 1.3 Hexes
 + Level 1.3 Summonings
 + Level 2.4 Necromancy
 + Level 1.3 Translocations
 + Level 1.3 Transmutations
 + Level 1.3 Fire Magic
 + Level 1.3 Ice Magic
 + Level 1.3 Air Magic
 + Level 1.3 Earth Magic
 + Level 1.3 Poison Magic
 + Level 1.8 Invocations
 + Level 1.6 Evocations


You had 7 spell levels left.
You knew the following spells:

 Your Spells              Type           Power        Failure   Level
a - Magic Dart            Conj           24%          12%         1
b - Searing Ray           Conj           12%          19%         2

Your spell library contained the following spells:

 Spells                   Type           Power        Failure   Level
 Corona                   Hex            4%           19%         1
 Ensorcelled Hibernation  Hex/Ice        8%           28%         2
 Dazzling Flash           Conj/Hex       10%          41%         3
 Confusing Touch          Hex            4%           50%         3
 Tukima's Dance           Hex            4%           50%         3
 Fulminant Prism          Conj/Hex       2%           83%         4
 Iskenderun's Mystic Bla  Conj/Tloc      5%           83%         4


Dungeon Overview and Level Annotations

Branches:
Dungeon (4/15)
 Temple: D:4-7

Altars:
Ashenzari
Qazlal


Innate Abilities, Weirdness & Mutations

Your experience applies equally to all skills.
You have very sharp teeth.
Your uncanny sense of smell can sniff out nearby items.


Message History

Press: ? - help, Shift-Dir - straight line, f - adder
Aim: an adder (43% to evade)
The searing ray hits the adder.
The adder is heavily wounded. (Press . to maintain the ray.)
The adder barely misses you.
The searing ray hits the adder.
The adder is almost dead.
The searing ray hits the iguana.
The iguana is moderately wounded.
The adder misses you. The adder bites you but does no damage.
The searing ray hits the adder!
You kill the adder!
The searing ray hits the iguana.
The iguana is severely wounded.
The searing ray misses the iguana.
You finish channeling your searing ray.
The iguana closely misses you.
You hit the iguana but do no damage.
The iguana is severely wounded.
The iguana bites you!
You die...

####### # #.....#
# #.###.##########
#.# #...........
###.##############
#.............# #
#.###########.####
#.# #.#... #@#
#.#... #l# #.#..#
#†# #######.#(..
#.# #...........
#.# #.).........
#.# #.)##.......
#.#####..##.......
#..............###
#.....#..##..#.# #
#####.#...#..#.###
#.#...#..#....


You could see an iguana.

Vanquished Creatures
  A howler monkey (D:4)
  An orc wizard (D:4)
  6 adders
  2 dart slugs
  4 leopard geckos
  9 orcs
  5 giant cockroaches
  6 goblins
  11 hobgoblins
  2 bats
  5 frilled lizards
  A giant cockroach zombie (D:3)
  5 kobolds
  A leopard gecko skeleton (D:4)
  5 rats
64 creatures vanquished.

Vanquished Creatures (others)
  4 toadstools (D:1)
4 creatures vanquished.

Grand Total: 68 creatures vanquished

Notes
Turn   | Place    | Note
-------+----------+-------------------------------------------
     0 | D:1      | om the Gnoll Wanderer began the quest for the Orb.
     0 | D:1      | om set off with the following items: a +0 club, 2 scrolls
                  | of teleportation, a +0 robe; and the following spell
                  | memorised: Magic Dart; and the following spells available
                  | to memorise: Searing Ray, Dazzling Flash, Fulminant Prism,
                  | Iskenderun's Mystic Blast
     0 | D:1      | Reached XP level 1. HP: 23/23 MP: 4/4
   173 | D:1      | Found a broken altar of Ashenzari.
   305 | D:1      | Reached XP level 2. HP: 19/29 MP: 5/5
   308 | D:1      | Learned a level 2 spell: Searing Ray
  1283 | D:1      | Reached XP level 3. HP: 34/35 MP: 5/7
  1639 | D:2      | Found a stormy altar of Qazlal.
  1886 | D:2      | Reached skill level 1 in Invocations
  2147 | D:2      | Reached skill level 1 in Short Blades
  2147 | D:2      | Reached skill level 1 in Long Blades
  2147 | D:2      | Reached skill level 1 in Axes
  2147 | D:2      | Reached skill level 1 in Maces & Flails
  2147 | D:2      | Reached skill level 1 in Polearms
  2147 | D:2      | Reached skill level 1 in Staves
  2147 | D:2      | Reached skill level 1 in Slings
  2147 | D:2      | Reached skill level 1 in Bows
  2147 | D:2      | Reached skill level 1 in Crossbows
  2147 | D:2      | Reached skill level 1 in Throwing
  2147 | D:2      | Reached skill level 1 in Armour
  2147 | D:2      | Reached skill level 1 in Dodging
  2147 | D:2      | Reached skill level 1 in Evocations
  2607 | D:2      | Reached XP level 4. HP: 41/41 MP: 8/8
  3554 | D:3      | Reached skill level 1 in Hexes
  3554 | D:3      | Reached skill level 1 in Summonings
  3554 | D:3      | Reached skill level 1 in Translocations
  3554 | D:3      | Reached skill level 1 in Transmutations
  3554 | D:3      | Reached skill level 1 in Fire Magic
  3554 | D:3      | Reached skill level 1 in Ice Magic
  3554 | D:3      | Reached skill level 1 in Air Magic
  3554 | D:3      | Reached skill level 1 in Earth Magic
  3554 | D:3      | Reached skill level 1 in Poison Magic
  4290 | D:3      | Reached XP level 5. HP: 47/47 MP: 9/9
  4384 | D:3      | Slain by an iguana

Illustrated notes

Levels and vault maps discovered:
D:1:      ldierk_walled_garden_2, layout_loops_ring,
          nicolae_ashenzari_panopticon
D:2:      layout_basic, grunt_qazlal_clouds
D:3:      layout_loops_ring
D:4:      layout_rooms, serial_shops, nicolae_shop_behind_doors, minmay_bent

Skill      XL: |  1  2  3  4  5 |
---------------+----------------+-----
Conjurations   | 2 |  2.4
Necromancy     | 2 |  2.4
Invocations    | 1 |  1.8
Short Blades   | 1 |  1.6
Long Blades    | 1 |  1.6
Axes           | 1 |  1.6
Maces & Flails | 1 |  1.6
Polearms       | 1 |  1.6
Staves         | 1 |  1.6
Slings         | 1 |  1.6
Bows           | 1 |  1.6
Crossbows      | 1 |  1.6
Throwing       | 1 |  1.6
Armour         | 1 |  1.6
Dodging        | 1 |  1.6
Evocations     | 1 |  1.6
Spellcasting   | 3 |  3.2
Hexes          | 1 |  1.3
Summonings     | 1 |  1.3
Translocations | 1 |  1.3
Transmutations | 1 |  1.3
Fire Magic     | 1 |  1.3
Ice Magic      | 1 |  1.3
Air Magic      | 1 |  1.3
Earth Magic    | 1 |  1.3
Poison Magic   | 1 |  1.3
Shields        | 3 |  3.0
Fighting       | |  6.7
Stealth        | |  2.8
Unarmed Combat | |  4.8

Action                   |  1- 3 |  4- 6 || total
-------------------------+-------+-------++-------
Melee: Club              |    66 |       ||    66
       Bite              |    12 |    11 ||    23
       Dagger            |    28 |    91 ||   119
       Unarmed           |    10 |       ||    10
       Punch             |       |     4 ||     4
 Cast: Magic Dart        |    33 |    21 ||    54
       Searing Ray       |     1 |     5 ||     6
  Use: Scroll            |     2 |     4 ||     6
 Stab: Sleeping          |     3 |     3 ||     6
Armor: Robe              |    19 |     1 ||    20
       Leather armour    |       |    18 ||    18
Dodge: Dodged            |    62 |    67 ||   129
